 Dungeon Crawl Stone Soup version 0.16-a0-621-gdc21f72 (webtiles) character file.

644 RobertPalmer the Cleaver (level 7, 0/52 HPs)
             Began as a Formicid Fighter on Sept 17, 2014.
             Slain by an ogre
             ... wielding a +0 giant spiked club
              (18 damage)
             ... on Level 3 of the Dungeon.
             The game lasted 00:12:40 (4891 turns).

RobertPalmer the Cleaver (Formicid Fighter)         Turns: 4891, Time: 00:12:40

HP   0/52        AC  8     Str 20      XL: 7   Next: 81%
MP   9/9         EV  7     Int  8      God:
Gold 163         SH  9     Dex 12      Spells:  0 memorised,  6 levels left

rFire  . . .     SeeInvis +     b - +0 blowgun
rCold  . . .     Clarity  .     p - +0 scale mail
rNeg   . . .     rCorr    .     c - +0 shield
rPois  .         rRot     .     (helmet unavailable)
rElec  .         Spirit   .     (no cloak)
SustAb .         Warding  .     (no gloves)
rMut   .         Stasis   +     l - +0 pair of boots
Gourm  .                        (no amulet)
MR     .....                    (no ring)
                                (no ring)

@: not resistant to hostile enchantments, extremely unstealthy
A: permanent stasis, dig shafts and tunnels, four strong arms, antennae 3
a: Dig, Shaft Self


You were on level 3 of the Dungeon.
You were not hungry.

You visited 1 branch of the dungeon, and saw 3 of its levels.

You collected 163 gold pieces.


Innate Abilities, Weirdness & Mutations

Your are under a permanent stasis effect.
You can dig through walls and to a lower floor.
Your four strong arms can wield two-handed weapons with a shield.
You have a pair of large antennae on your head (SInv).


   Skills:
 - Level 3.2 Fighting
 + Level 8.2 Axes
 - Level 3.2 Armour
 - Level 3.6 Shields


You had 6 spell levels left.
You didn't know any spells.

Inventory:

Hand weapons
 a - a +1 war axe of freezing
 b - a +0 blowgun (weapon)
Missiles
 q - 7 poisoned needles (quivered)
 x - 3 throwing nets
Armour
 c - a +0 shield (worn)
 l - a +0 pair of boots (worn)
 o - a +0 plate armour
 p - a +0 scale mail (worn)
Comestibles
 d - 3 bread rations
 h - 4 fruits
 i - a meat ration
 s - a beef jerky
 z - 3 rotting chunks of gnoll flesh {@*1}
Scrolls
 f - 2 scrolls of identify {unknown}
 g - 2 scrolls of enchant weapon {unknown}
 j - a scroll of blinking {unknown}
 k - 5 scrolls of remove curse {unknown}
 m - a scroll of amnesia {unknown}
 t - a scroll of teleportation {unknown}
 w - a scroll of noise {unknown}
 y - a scroll of fear {unknown}
Jewellery
 r - an uncursed amulet of resist corrosion {unknown}
Potions
 e - a potion of might
 n - 2 potions of lignification {unknown}
 v - a potion of degeneration {unknown}

Dungeon Overview and Level Annotations

Branches:
Dungeon (3/15)

Altars:
Cheibriados
Ru
Zin

...###########...#..##..#
#.#.... ...#
#...#......###'#.... ...#
#...#...#..##.....#. ...# {
#...#.###...'.....#. ..)#
#...#......##.....#. ...#
#.>(#.####.##.....## ...#
#...#.####.##.....## ...#
#..O'.#.##.##.....## ...#
#..@#.#.##.##.....## ...# ##
#....).............. ...# .#
####....#..###...... ####
##.# #.(#.#..###..####
#.PP## #..#.#.......###
##PPP# #..###..###..#.#
#....# #..# #.........#
#....#######..###..###.##.##
##...(......................


You could see an ogre.


Message History

You kill the gnoll!
No target in view!
No target in view!
No target in view!
No target in view!
You see here a club.
The ogre is too close now for your liking.
You closely miss the ogre.
The ogre hits you with a giant spiked club!
Your +1 war axe of freezing stops glowing.
b - a +0 blowgun (weapon)
Firing (i - inventory. (,) - cycle):
q - 10 poisoned needles (quivered)
Aim: an ogre, wielding a giant spiked club You shoot a poisoned needle.
The poisoned needle hits the ogre!
The ogre is poisoned.
The ogre closely misses you.
Firing (i - inventory. (,) - cycle):
q - 9 poisoned needles (quivered)
Aim: an ogre, wielding a giant spiked club (poisoned)
You shoot a poisoned needle. The poisoned needle hits the ogre!
The ogre looks even sicker.
The ogre hits you with a giant spiked club!!
Ouch! That really hurt!
* * * LOW HITPOINT WARNING * * *
You see here a club.
Firing (i - inventory. (,) - cycle):
q - 8 poisoned needles (quivered)
Aim: an ogre, wielding a giant spiked club (almost dead, poisoned)
You shoot a poisoned needle. The poisoned needle hits the ogre!
The ogre looks even sicker.
The ogre is almost dead.
The ogre hits you with a giant spiked club!!
You die...

Action                   |  1- 3 |  4- 6 |  7- 9 || total
-------------------------+-------+-------+-------++-------
Melee: War axe           |    95 |   162 |    88 ||   345
 Fire: Blowgun           |       |    17 |     7 ||    24
  Use: Potion            |       |     1 |       ||     1
  Eat: Chunk             |       |     9 |     4 ||    13

Vault maps used:
D:1:      minmay_arrival_jagged
D:2:      lemuel_coloured_pillars_altar, cheibriados_altar_1, zin_academy,
          uniq_jessica
D:3:      lemuel_castle_with_subvaults, uniq_crazy_yiuf_cottage

Notes
Turn   | Place    | Note
--------------------------------------------------------------
     0 | D:1      | RobertPalmer, the Formicid Fighter, began the quest for the Orb.
     0 | D:1      | Reached XP level 1. HP: 18/18 MP: 1/1
    68 | D:1      | Reached XP level 2. HP: 21/24 MP: 3/3
   194 | D:1      | Reached skill level 3 in Axes
   460 | D:1      | Reached XP level 3. HP: 29/29 MP: 4/4
   905 | D:1      | Reached skill level 4 in Axes
   905 | D:1      | Reached XP level 4. HP: 26/35 MP: 5/5
  1134 | D:2      | Noticed Jessica
  1139 | D:2      | Killed Jessica
  1202 | D:2      | Found a sacrificial altar of Ru.
  1322 | D:2      | Reached XP level 5. HP: 39/41 MP: 7/7
  1367 | D:2      | Found a glowing silver altar of Zin.
  1455 | D:2      | Found a snail-covered altar of Cheibriados.
  2016 | D:3      | Reached skill level 5 in Axes
  2276 | D:3      | Noticed an ogre
  2897 | D:3      | Reached XP level 6. HP: 47/47 MP: 8/8
  2975 | D:3      | Reached skill level 6 in Axes
  3697 | D:3      | Reached XP level 7. HP: 52/52 MP: 9/9
  3706 | D:3      | Reached skill level 7 in Axes
  4616 | D:3      | Reached skill level 8 in Axes
  4891 | D:3      | Slain by an ogre

Vanquished Creatures
  A gnoll shaman (D:2)
  Jessica (D:2)
  5 adders
  46 gnolls
  A giant mite (D:1)
  A worm (D:2)
  4 giant geckos
  An ooze (D:1)
  8 bats
  A giant cockroach (D:2)
  4 goblins
  5 hobgoblins
  22 jackals
  3 giant newts
  11 kobolds
  10 rats
124 creatures vanquished.
